 Dungeon Crawl Stone Soup version 0.29.1-15-g9cfb28693d (webtiles) character file.

Game seed: 9186761212769904632

186 protoss039 the Digger (level 5, -1/39 HPs)
             Began as a Demonspawn Earth Elementalist on Mar 12, 2023.
             Slain by a gnoll
             ... wielding a +0 halberd of venom
              (8 damage)
             ... on level 3 of the Dungeon.
             The game lasted 00:03:52 (3332 turns).

protoss039 the Digger (DsEE)                        Turns: 3332, Time: 00:03:53

Health: -1/39      AC:  4    Str:  8    XL:     5   Next: 38%
Magic:  18/18      EV: 12    Int: 23    God:
Gold:   208        SH:  0    Dex: 13    Spells: 4/10 levels left

rFire   . . .      SeeInvis .   n - +4 battleaxe "Qimmil" {spect, *Noise rElec Will+ Int+4}
rCold   . . .      Faith    .   (shield currently unavailable)
rNeg    . . .      Spirit   .   a - +0 robe
rPois   .          Reflect  .   (no helmet)
rElec   +          Harm     .   g - +0 cloak
rCorr   .          Rampage  .   (no gloves)
Will    +....                   (no boots)
Stlth   ++........              (no amulet)
HPRegen 0.13/turn               d - ring of magical power
MPRegen 0.16/turn               (no ring)

@: lethally poisoned (-1 -> -3)
A: powered by pain 1, spiny 1, sharp scales 1
a: no special abilities


You were on level 3 of the Dungeon.
You visited 1 branch of the dungeon, and saw 3 of its levels.

You collected 208 gold pieces.

Inventory:

Hand Weapons
 n - the +4 battleaxe "Qimmil" (weapon) {spect, *Noise rElec Will+ Int+4}
   (You found it on level 3 of the Dungeon)

   When its wielder attacks, the weapon's spirit leaps out and strikes again.
   The spirit shares a part of any damage it takes with its wielder.
   Int:       It affects your intelligence (+4).
   rElec:     It insulates you from electricity.
   *Noise:    It may make noises in combat.
   Will:      It increases your willpower.
Armour
 a - a +0 robe (worn)
 g - a +0 cloak (worn)
Magical Staves
 m - a staff of earth
Jewellery
 d - a ring of magical power (left hand)
Wands
 p - a wand of iceblast (1)
Scrolls
 c - a scroll of enchant armour {unknown}
 e - 2 scrolls of summoning {unknown}
 j - 2 scrolls of teleportation
 k - 5 scrolls of identify {unknown}
 l - 2 scrolls of fog {unknown}
 o - a scroll of silence {unknown}
Potions
 b - a potion of magic
 f - 3 potions of haste {unknown}
 h - a potion of curing {unknown}
 i - a potion of resistance {unknown}


   Skills:
 + Level 2.4 Fighting
 * Level 1.8 Armour
 - Level 1.7 Dodging
 - Level 1.7 Stealth
 + Level 3.0 Spellcasting
 + Level 1.1 Conjurations
 - Level 0.8 Transmutations
 + Level 3.5 Earth Magic


You had 4 spell levels left.
You knew the following spells:

 Your Spells              Type           Power      Damage    Failure   Level
a - Sandblast             Erth           38%        2d10      2%          1
b - Passwall              Tmut/Erth      10%        N/A       7%          2
c - Stone Arrow           Conj/Erth      28%        3d8       13%         3

Your spell library contained the following spells:

 Spells                   Type           Power      Damage    Failure   Level
 Gell's Gravitas          Tloc           3%         N/A       34%         3
 Teleport Other           Tloc           3%         N/A       34%         3
 Petrify                  Tmut/Erth      13%        N/A       43%         4
 Conjure Ball Lightning   Conj/Air       3%         3x3d6     100%        6
 Dispersal                Tloc           1%         N/A       100%        6
 Malign Gateway           Summ/Tloc      1%         N/A       100%        7
 Discord                  Hex            1%         N/A       100%        8
 Disjunction              Tloc           1%         N/A       100%        8
 Summon Horrible Things   Summ           1%         N/A       100%        8


Dungeon Overview and Level Annotations

Branches:
Dungeon (3/15) Zot: 14600

Altars:
Ashenzari

Shops:
D:3 =

Annotations:
D:3 1 runed translucent door, Crazy Yiuf


Innate Abilities, Weirdness & Mutations

You sometimes gain a little power by taking damage.
You are partially covered in sharp spines.
You are partially covered in razor-sharp scales. (AC +1, Slay +1)


Message History

The adder closely misses you. The adder bites you but does no damage.
An adder is nearby!
You slash the adder!
You kill the adder! 2 gnolls come into view.
A gnoll comes into view. It is wielding a +0 halberd of venom.
The gnoll shouts!
You see here a scroll labelled FOTHRIOXEAQEQI.
There are monsters nearby!
There are monsters nearby!
There are monsters nearby!
The gnoll hits you with a +0 club. The gnoll barely misses you.
You see here 5 stones.
There are monsters nearby!
You slash the gnoll!
The gnoll is heavily wounded.
The gnoll is struck by your spines. The gnoll barely misses you.
The gnoll hits you from afar with a +0 halberd of venom.
You are poisoned.
The gnoll closely misses you.
There are monsters nearby!
You completely miss the gnoll.
You feel very sick.
The gnoll hits you from afar with a +0 halberd of venom!
The gnoll hits you with a +0 club.
Unknown command.
You are too injured to fight recklessly!
Unknown command.
You are too injured to fight recklessly!
Unknown command.
You closely miss the gnoll.
You feel sick. The gnoll closely misses you. The gnoll misses you.
The gnoll barely misses you. The gnoll hits you with a +0 club.
* * * LOW HITPOINT WARNING * * *
Unknown command.
You hit the gnoll.
The gnoll is heavily wounded.
You feel sick.
The gnoll hits you from afar with a +0 halberd of venom!
You die...

###########
###..>......#
.).)#######.#
### #####
#.######g..#
..#
#..?..@gg..#
#.#
########...#
#.# .## #.# #
).# #.# #.#
#.# #.#


You could see 3 gnolls.

Vanquished Creatures
  Jessica (D:2)
  Ijyb (D:3)
  3 adders
  A gnoll (D:1)
  2 worms (D:2)
  3 dart slugs
  6 ball pythons
  8 bats
  12 endoplasms
  2 giant cockroaches
  13 goblins
  8 hobgoblins
  2 quokkas
  A frilled lizard (D:2)
  11 kobolds
  5 rats
79 creatures vanquished.

Vanquished Creatures (others)
  5 fungi
  2 plants (D:1)
7 creatures vanquished.

Grand Total: 86 creatures vanquished

Notes
Turn   | Place    | Note
-------+----------+-------------------------------------------
     0 | D:1      | protoss039 the Demonspawn Earth Elementalist began the
                  | quest for the Orb.
     0 | D:1      | Reached XP level 1. HP: 13/13 MP: 3/3
   273 | D:1      | Gained mutation: You sometimes gain a little power by
                  | taking damage. [demonic ancestry]
   273 | D:1      | Reached XP level 2. HP: 20/20 MP: 5/5
   321 | D:1      | Found a faded altar of an unknown god.
   325 | D:1      | Reached skill level 1 in Fighting
   631 | D:1      | Reached XP level 3. HP: 26/26 MP: 6/6
  1126 | D:2      | Learned a level 2 spell: Passwall
  1130 | D:2      | Learned a level 3 spell: Stone Arrow
  1453 | D:2      | Gained mutation: You are partially covered in razor-sharp
                  | scales. (AC +1, Slay +1) [demonic ancestry]
  1453 | D:2      | Reached XP level 4. HP: 33/33 MP: 8/8
  1555 | D:2      | Noticed Jessica
  1562 | D:2      | Killed Jessica
  1563 | D:2      | Reached skill level 1 in Armour
  2527 | D:3      | Noticed Ijyb
  2529 | D:3      | Found a broken altar of Ashenzari.
  2530 | D:3      | Saw a vision of the Swamp and the Spider Nest.
  2530 | D:3      | Noticed a pharaoh ant
  2530 | D:3      | Noticed a spark wasp
  2530 | D:3      | Noticed a pharaoh ant
  2530 | D:3      | Noticed a jumping spider
  2530 | D:3      | Noticed a goliath frog
  2530 | D:3      | Noticed a torpor snail
  2530 | D:3      | Noticed a bunyip
  2530 | D:3      | Noticed a tarantella
  2530 | D:3      | Noticed a culicivora
  2530 | D:3      | Noticed a culicivora
  2530 | D:3      | Noticed a culicivora
  2530 | D:3      | Noticed a redback
  2530 | D:3      | Noticed a four-headed hydra
  2530 | D:3      | Noticed a wolf spider
  2530 | D:3      | Noticed a tarantella
  2530 | D:3      | Noticed a demonic crawler
  2530 | D:3      | Noticed an orb spider
  2531 | D:3      | Noticed an orb spider
  2531 | D:3      | Noticed a fenstrider witch
  2532 | D:3      | Noticed a redback
  2696 | D:3      | Identified the +4 battleaxe "Qimmil" {spect, *Noise rElec
                  | Will+ Int+4}
  2793 | D:3      | Found a runed translucent door.
  2794 | D:3      | Noticed Crazy Yiuf
  2903 | D:3      | Gained mutation: You are partially covered in sharp spines.
                  | [demonic ancestry]
  2903 | D:3      | Reached XP level 5. HP: 38/38 MP: 9/9
  2908 | D:3      | Found Kat Ello's Jewellery Emporium.
  2944 | D:3      | Reached skill level 1 in Conjurations
  2974 | D:3      | Killed Ijyb
  3332 | D:3      | Slain by a gnoll

Illustrated notes

Levels and vault maps discovered:
D:1:      minmay_arrival_five_plusses, layout_loops_cross,
          dreamdust_ecumenical_altar_grove
D:2:      minmay_razor_zed, layout_basic, uniq_jessica
D:3:      layout_loops_ring, grunt_ashenzari_visionary
          [grunt_ashenzari_visionary_swamp, grunt_ashenzari_visionary_spider],
          serial_shops, shop_coins, st_stairs_6, chequers_serial_rivers_room_a,
          uniq_ijyb, uniq_crazy_yiuf_cottage

Skill      XL: |  1  2  3  4  5 |
---------------+----------------+-----
Fighting       | 1 2 |  2.4
Earth Magic    | 3 |  3.5
Armour         | 1 |  1.8
Conjurations   | 1 |  1.1
Spellcasting   | 3 |  3.0
Dodging        | |  1.7
Stealth        | |  1.7
Transmutations | |  0.8

Action                   |  1- 3 |  4- 6 || total
-------------------------+-------+-------++-------
Melee: Club              |     2 |       ||     2
       Staff             |     2 |    22 ||    24
       Punch             |     1 |       ||     1
       Battleaxe         |       |    27 ||    27
 Cast: Sandblast         |    55 |    34 ||    89
  Use: Scroll            |       |     1 ||     1
 Stab: Sleeping          |       |     2 ||     2
Armor: Robe              |     6 |    15 ||    21
Dodge: Dodged            |    18 |    43 ||    61
